 Dungeon Crawl Stone Soup version 0.31.0-11-ge490571c62 (webtiles) character file.

Game seed: 14585092372450823330

9 qw the Shooter (level 2, 0/14 HPs)
             Began as a Spriggan Hunter on Feb 4, 2024.
             Slain by a gnoll
             ... wielding a +0 spear
              (3 damage)
             ... on level 1 of the Dungeon.
             The game lasted 00:00:00 (371 turns).

qw the Shooter (Spriggan Hunter)                     Turns: 371, Time: 00:00:01

Health: 0/14       AC:  2    Str:  7    XL:     2   Next: 6%
Magic:  3/3        EV: 18    Int: 10    God:
Gold:   34         SH:  0    Dex: 18    Spells: 1/1 levels left

rFire   . . .        a - +0 shortbow
rCold   . . .        (shield currently unavailable)
rNeg    . . .        c - +0 robe
rPois   .            (helmet restricted)
rElec   .            (no cloak)
rCorr   .            (gloves unavailable)
SInv    +            (boots unavailable)
Will    .....        (no amulet)
Stlth   ++           (no ring)
HPRegen 0.22/turn    (no ring)
MPRegen 0.08/turn

%: no passive effects
@: very quick
A: very small, no large weapons, unfitting armour, see invisible, speed 3
a: no special abilities


You were on level 1 of the Dungeon.
You visited 1 branch of the dungeon, and saw 1 of its levels.

You collected 34 gold pieces.


Innate Abilities, Weirdness & Mutations

You are very small and have problems with some larger weapons.
You are too small for most types of armour.
You have supernaturally acute eyesight. (SInv)
You cover ground extremely quickly. (Speed+++)


   Skills:
 - Level 1.5 Fighting
 - Level 4.0 Ranged Weapons
 + Level 3.8 Dodging
 - Level 1.5 Stealth


You had one spell level left.
You didn't know any spells.
Your spell library was empty.

Inventory:

Hand Weapons
 a - a +0 shortbow (weapon)
Armour
 c - a +0 robe (worn)
Scrolls
 b - a scroll of butterflies
 d - a scroll of identify {unknown}
 e - a scroll of vulnerability {unknown}
 h - a scroll of noise {unknown}
Potions
 f - 2 potions of cancellation {unknown}
 g - a potion of invisibility {unknown}

Dungeon Overview and Level Annotations

Branches:
Dungeon (1/15)

Altars:


Message History

You shoot an arrow. The arrow barely misses the hobgoblin.
The arrow hits the gnoll.
The gnoll is lightly wounded.
The hobgoblin hits you.
Ouch! That really hurt!
You shoot an arrow. The arrow hits the hobgoblin!
You kill the hobgoblin!
A goblin comes into view. It is wielding a +0 club.
You have reached level 2!
You shoot an arrow. The arrow barely misses the gnoll.
You shoot an arrow. The arrow barely misses the gnoll.
The gnoll barely misses you.
A hobgoblin comes into view.
The goblin throws a stone.
The stone closely misses you.
You shoot an arrow. The arrow closely misses the gnoll.
The hobgoblin shouts!
The goblin throws a stone.
The stone hits you but does no damage. The gnoll barely misses you.
You shoot an arrow. The arrow hits the gnoll.
The gnoll is lightly wounded.
The gnoll misses you.
You shoot an arrow. The arrow barely misses the gnoll.
The arrow hits the hobgoblin.
The hobgoblin is almost dead.
The goblin throws a stone.
The stone hits you but does no damage. The gnoll misses you.
The gnoll hits you from afar with a +0 spear.
You shoot an arrow. The arrow closely misses the gnoll.
The arrow closely misses the hobgoblin.
The goblin throws a stone.
The stone hits you but does no damage. The gnoll misses you.
You shoot an arrow. The arrow barely misses the hobgoblin.
The gnoll hits you from afar with a +0 spear.
You shoot an arrow. The arrow hits the hobgoblin.
You kill the hobgoblin!
The gnoll completely misses you.
You shoot an arrow. The arrow hits the goblin.
You kill the goblin!
The gnoll hits you from afar with a +0 spear.
You die...

#.................##...
#.#.#####.####..#.##.##
#...##..#.##.## #
###.##..#...... #.
###......#.#### #..
####........>.# #...
+..........#.##
.#....####.###..##.#
...?.g)@...........#
.#....####.#########
...## #.^......# .
#..#####.###### #..#
#.......
#..###########.
#######..##~~~~~~~~.8
.........#~~.....~~~.
#######.##~..~~~..~~.


You could see a gnoll.

Vanquished Creatures
  A ball python (D:1)
  2 goblins (D:1)
  3 hobgoblins (D:1)
  A quokka (D:1)
  A bat (D:1)
  A rat (D:1)
9 creatures vanquished.

Notes
Turn   | Place    | Note
-------+----------+-------------------------------------------
     0 | D:1      | qw the Spriggan Hunter began the quest for the Orb.
     0 | D:1      | Reached XP level 1. HP: 10/10 MP: 2/2
     0 | D:1      | 0 ||| qw: Version: 0.3-a-160-g6735b56
     0 | D:1      | 0 ||| qw: Game counter: 4984
     0 | D:1      | 0 ||| qw: Melee chars always use a shield: true
     0 | D:1      | 0 ||| qw: God list: Okawaru
     0 | D:1      | 0 ||| qw: Allow faded altars: false
     0 | D:1      | 0 ||| qw: Do Orc after clearing Dungeon:15 true
     0 | D:1      | 0 ||| qw: Do second Lair branch before Depths: true
     0 | D:1      | 0 ||| qw: Lair rune preference: random
     0 | D:1      | 0 ||| qw: Goals: Normal
     0 | D:1      | 0 ||| PLANNING D:1-11
   220 | D:1      | Reached skill level 3 in Dodging
   363 | D:1      | Reached XP level 2. HP: 8/14 MP: 3/3
   369 | D:1      | HP: 3/14 [gnoll/+0 spear (3)]
   371 | D:1      | Slain by a gnoll

Levels and vault maps discovered:
D:1:      psy_arrival_whirlpool, layout_basic, minmay_stone_trees_medium,
          minmay_misc_feat_ornament, nrook_uturn

Skill      XL: |  1 |
---------------+----+-----
Dodging        | 3 |  3.8
Fighting       | |  1.5
Ranged Weapons | |  4.0
Stealth        | |  1.5

Action                     || total
---------------------------++-------
   Fire: Shortbow          ||    32
 Armour: Robe              ||    10
  Dodge: Dodged            ||    11

Table legend:
 A = Non-vault XP
 B = Vault XP
 C = Vault XP percentage of total XP
 D = Non-vault monster count
 E = Vault monster count
 F = Vault count percentage of total count
                 A         B        C        D         E       F
            +---------+---------+-------+---------+---------+-------
      Total |      16 |       0 |   0.0 |       9 |       0 |   0.0
            +---------+---------+-------+---------+---------+-------
        D:1 |      16 |       0 |   0.0 |       9 |       0 |   0.0
            +---------+---------+-------+---------+---------+-------
